 Dungeon Crawl Stone Soup version 0.31-a0-981-geadf994542 (webtiles) character file.

Game seed: 14654578653865777209

399 ragingrage the Slasher (level 6, -6/38 HPs)
             Began as a Tengu Warper on Oct 31, 2023.
             Was an Initiate of Okawaru.
             Mangled by an iguana (12 damage)
             ... on level 5 of the Dungeon.
             The game lasted 00:03:32 (3913 turns).

ragingrage the Slasher (Tengu Warper)               Turns: 3913, Time: 00:03:32

Health: -6/38      AC:  3    Str: 11    XL:     6   Next: 84%
Magic:  10/10      EV: 12    Int: 14    God:    Okawaru [......]
Gold:   233        SH:  0    Dex: 15    Spells: 3/9 levels left

rFire   . . .        a - +0 falchion
rCold   . . .        (no shield)
rNeg    . . .        b - +0 leather armour
rPois   .            (helmet restricted)
rElec   .            (no cloak)
rCorr   .            (no gloves)
SInv    .            (boots unavailable)
Will    .....        (no amulet)
Stlth   +            (no ring)
HPRegen 0.26/turn    (no ring)
MPRegen 0.12/turn

%: acrobat
@: no status effects
A: beak, talons 3, acrobatic
a: Renounce Religion


You were on level 5 of the Dungeon.
You worshipped Okawaru.
Okawaru was noncommittal.
You visited 1 branch of the dungeon, and saw 5 of its levels.

You collected 233 gold pieces.

Inventory:

Hand Weapons
 a - a +0 falchion (weapon)
 q - a +0 rapier
 w - a +0 shortbow
Missiles
 d - 4 darts of dispersal (quivered)
 f - 2 throwing nets
Armour
 b - a +0 leather armour (worn)
Jewellery
 u - the ring "Foricl Ojuhi" {Ice rPois Str+2 SInv}
   (You found it on level 4 of the Dungeon)

   [ring of ice]

   Ice:       It enhances your ice magic.
   Str+2:     It affects your strength (+2).
   rF-:       It makes you vulnerable to fire.
   rC+:       It protects you from cold.
   rPois:     It protects you from poison SInv: It lets you see invisible.
Scrolls
 c - 4 scrolls of blinking
 e - a scroll of fear {unknown}
 g - a scroll of teleportation {unknown}
 h - a scroll of revelation {unknown}
 j - 2 scrolls of vulnerability {unknown}
 m - 2 scrolls of amnesia {unknown}
 r - a scroll of noise {unknown}
 t - a scroll of identify {unknown}
Potions
 i - 3 potions of curing
 k - a potion of heal wounds {unknown}
 l - 2 potions of invisibility {unknown}
 n - a potion of enlightenment {unknown}
 o - a potion of degeneration {unknown}
 p - a potion of mutation {unknown}
 s - a potion of berserk rage {unknown}
 v - a potion of lignification {unknown}
 x - a potion of haste {unknown}


   Skills:
 - Level 4.0 Fighting
 * Level 6.7 Long Blades
 - Level 1.0 Throwing
 - Level 1.1 Armour
 - Level 2.1 Dodging
 - Level 2.0 Spellcasting
 - Level 2.4 Translocations


You had 3 spell levels left.
You knew the following spells:

 Your Spells              Type           Power      Damage    Failure   Level
a - Blink                 Tloc           16%        N/A       19%         2
b - Manifold Assault      Tloc           8%         N/A       75%         4

Your spell library contained the following spells:

 Spells                   Type           Power      Damage    Failure   Level
 Lesser Beckoning         Tloc           16%        N/A       19%         2
 Teleport Other           Tloc           8%         N/A       34%         3
 Stone Arrow              Conj/Erth      2%         3d7       67%         3
 Vhi's Electric Charge    Tloc/Air       8%         N/A       88%         4
 Lehudib's Crystal Spear  Conj/Erth      0%         10d2      100%        8
 Animate Armour           Summ/Erth      Unusable   N/A       N/A         4

Dungeon Overview and Level Annotations

Branches:
Dungeon (5/15)
 Temple: D:4-7

Altars:
Ashenzari
Okawaru
Ru
Trog
Wu Jian
Xom
Zin

Annotations:
D:4 exclusion: downstairs


Innate Abilities, Weirdness & Mutations

You have a beak for a mouth.
You have claws for feet.
You can magically evade attacks while moving or waiting.


Message History

You climb downwards.
There is a stone staircase leading up here.
Unknown command.
You hit the iguana. The iguana misses you.
You completely miss the iguana. Your kick misses the iguana.
The iguana closely misses you.
You hit the iguana but do no damage. You peck the iguana, but do no damage.
The iguana bites you.
You barely miss the iguana. You peck the iguana, but do no damage.
The iguana bites you but does no damage.
You hit the iguana but do no damage. You claw the iguana, but do no damage.
The iguana closely misses you.
You closely miss the iguana. Your kick misses the iguana. The iguana bites you.
You hit the iguana. You peck the iguana. The iguana bites you.
You closely miss the iguana. Your kick misses the iguana.
You peck the iguana, but do no damage. The iguana bites you.
You hit the iguana but do no damage. You claw the iguana. The iguana bites you!
You hit the iguana but do no damage. The iguana closely misses you.
You closely miss the iguana. You claw the iguana, but do no damage.
The iguana misses you.
Throw: 7 darts (disperse)
Press: ? - help, Q - select action, (/) - cycle Shift-Dir - straight line, f - iguana
Aim: an iguana (severely wounded, 61% to hit)
You throw a dart of dispersal.
The dart of dispersal barely misses the iguana.
The iguana barely misses you.
Throw: 6 darts (disperse)
Press: ? - help, Q - select action, (/) - cycle Shift-Dir - straight line, f/p - iguana
Aim: an iguana (severely wounded, 61% to hit)
You throw a dart of dispersal.
The dart of dispersal barely misses the iguana.
The iguana bites you!
* * * LOW HITPOINT WARNING * * *
Throw: 5 darts (disperse)
Press: ? - help, Q - select action, (/) - cycle Shift-Dir - straight line, f/p - iguana
Aim: an iguana (severely wounded, 61% to hit)
You throw a dart of dispersal.
The dart of dispersal barely misses the iguana.
The iguana bites you!
You die...

............#..
.......!.......
...............
...............
.../...........
...............
...............
#.....@l......
#####.........
##.....#..
#######


You could see an iguana.

Vanquished Creatures
  A centaur (D:4)
  A phantom (D:4)
  A howler monkey (D:4)
  An orc priest (D:4)
  An orc wizard (D:3)
  Robin (D:2)
  4 adders
  A worm (D:3)
  A dart slug (D:3)
  8 orcs (D:4)
  5 ball pythons
  8 endoplasms
  4 giant cockroaches
  15 goblins
  9 hobgoblins
  6 jackals (D:4)
  3 quokkas
  5 bats
  3 frilled lizards
  8 kobolds
  4 rats
90 creatures vanquished.

Notes
Turn   | Place    | Note
-------+----------+-------------------------------------------
     0 | D:1      | ragingrage the Tengu Warper began the quest for the Orb.
     0 | D:1      | Reached XP level 1. HP: 12/12 MP: 4/4
   324 | D:1      | Reached skill level 3 in Long Blades
   324 | D:1      | Reached XP level 2. HP: 17/17 MP: 6/6
  1190 | D:2      | Found a shimmering altar of Xom.
  1226 | D:2      | Noticed Robin
  1366 | D:2      | Reached XP level 3. HP: 21/21 MP: 7/7
  1827 | D:2      | Reached skill level 4 in Long Blades
  2150 | D:2      | Killed Robin
  2151 | D:2      | Reached XP level 4. HP: 27/27 MP: 8/8
  2387 | D:3      | Found a sacrificial altar of Ru.
  2431 | D:3      | Became a worshipper of Ru the Awakened
  2541 | D:3      | Learned a level 2 spell: Blink
  2546 | D:3      | Learned a level 4 spell: Manifold Assault
  2637 | D:3      | Reached XP level 5. HP: 32/32 MP: 9/9
  2863 | D:4      | Identified the "Jodob"
  2881 | D:4      | Identified the ring "Foricl Ojuhi" {Ice rPois Str+2 SInv}
  2883 | D:4      | Found a shimmering altar of Xom.
  2887 | D:4      | Noticed an angel
  2890 | D:4      | Found a glowing silver altar of Zin.
  2935 | D:4      | Noticed a phantom
  2973 | D:4      | Found a broken altar of Ashenzari.
  2979 | D:4      | Reached skill level 5 in Long Blades
  3029 | D:4      | Found an iron altar of Okawaru.
  3100 | D:4      | Noticed a centaur
  3112 | D:4      | Killed a centaur
  3113 | D:4      | Reached skill level 6 in Long Blades
  3113 | D:4      | Reached XP level 6. HP: 19/38 MP: 10/10
  3135 | D:4      | Fell from the grace of Ru
  3135 | D:4      | Became a worshipper of Warmaster Okawaru
  3264 | D:4      | Found a bloodstained altar of Trog.
  3397 | D:4      | Found an ornate altar of the Wu Jian Council.
  3788 | D:5      | Entered Level 5 of the Dungeon
  3795 | D:5      | Noticed a water moccasin
  3913 | D:5      | Mangled by an iguana

Illustrated notes

Levels and vault maps discovered:
D:1:      dpeg_arrival_boxorama, layout_loops_corners
D:2:      layout_loops_corners, basic_altar, uniq_robin
D:3:      layout_basic, nicolae_ru_great_annihilating_truth
D:4:      layout_basic, grunt_temple_overflow_order_and_chaos_1,
          kennysheep_little_box, lemuel_doored_altar,
          mainiacjoe_overflow_cross_hatched, mainiacjoe_overflow_boulevard
D:5:      kennysheep_windowed_halls, layout_rooms,
          mainiacjoe_overflow_six_doors_small, vehumet_altar_wand_db

Skill      XL: |  1  2  3  4  5  6 |
---------------+-------------------+-----
Long Blades    | 3 4 6 |  6.7
Fighting       | 3 4 |  4.0
Throwing       | |  1.0
Armour         | |  1.1
Dodging        | |  2.1
Spellcasting   | |  2.0
Translocations | |  2.4

Action                     |  1- 3 |  4- 6 || total
---------------------------+-------+-------++-------
  Melee: Falchion          |   100 |   139 ||   239
         Kick              |    16 |    50 ||    66
         Peck              |     6 |    24 ||    30
         Punch             |       |     1 ||     1
  Throw: Dart              |       |     3 ||     3
    Use: Potion            |     1 |       ||     1
   Stab: Sleeping          |     1 |     1 ||     2
         Paralysed         |       |     2 ||     2
 Armour: Leather armour    |    50 |    67 ||   117
  Dodge: Dodged            |    67 |    98 ||   165

Table legend: (Time is in decaauts)
 A = Elapsed time spent in this place.
 B = Non-inter-level travel time spent in this place.
 C = Inter-level travel time spent in this place.
 D = Time resting spent in this place.
 E = Time spent auto-exploring this place.
 F = Levels seen in this place.
 G = Mean time per level.
                   A        B        C        D        E       F      G
               +--------+--------+--------+--------+--------+-----+--------+
         Total |   3930 |   3763 |    167 |    492 |   2473 |   5 |  786.0 |
       Dungeon |   3930 |   3763 |    167 |    492 |   2473 |   5 |  786.0 |
               +--------+--------+--------+--------+--------+-----+--------+

Top non-repeatable levels by time:
     D:2: 1260 daAuts
     D:4: 1014 daAuts
     D:1: 937 daAuts
     D:3: 697 daAuts
     D:5: 19 daAuts
